 Dungeon Crawl Stone Soup version 0.23-a0-417-gf02c810438 (webtiles) character file.

3085 SpaceButler the Fighter (level 9, -6/83 HPs)
             Began as a Red Draconian Venom Mage on Nov 10, 2018.
             Mangled by an orc warrior
             ... wielding a +0 mace
              (10 damage)
             ... on level 7 of the Dungeon.
             The game lasted 00:47:20 (9774 turns).

SpaceButler the Fighter (Red Draconian Venom Mage)  Turns: 9774, Time: 00:47:20

Health: -6/83      AC:  9    Str:  7 (10) XL:     9   Next: 58%
Magic:  1/15       EV: 12    Int: 17 (19) God:
Gold:   262        SH:  0    Dex:  9 (12) Spells: 2/16 levels left

rFire    + + +     SeeInvis .   o - +1 whip (pain)
rCold    + + +     Gourm    .   (no shield)
rNeg     . . .     Faith    .   (armour unavailable)
rPois    .         Spirit   .   (helmet restricted)
rElec    +         Reflect  .   (no cloak)
rCorr    .         Harm     .   s - +0 pair of gloves
MR       .....     Clarity  +   D - +0 pair of boots of Tenacity {rF++ rC+++ Int-3} (curse)
Stlth    +++.......             (no amulet)
HPRegen  0.23/turn              j - +3 ring of intelligence
MPRegen  0.14/turn              x - ring of stealth

@: about to teleport
A: breathe fire, unfitting armour, clarity, fire resistance 1, electricity
resistance, cold-blooded, MP-powered wands, AC +7
a: Breathe Fire


You were on level 7 of the Dungeon.
You were not hungry.

You visited 2 branches of the dungeon, and saw 8 of its levels.

You collected 361 gold pieces.
You spent 99 gold pieces at shops.

Inventory:

Hand Weapons
 c - a +0 dagger of protection
 n - a +0 blowgun
 o - a +1 whip of pain (weapon)
Missiles
 p - 47 poisoned needles
Armour
 s - a +0 pair of gloves (worn)
 D - the cursed +0 pair of boots of Tenacity (worn) {rF++ rC+++ Int-3}
   (You found it on level 6 of the Dungeon)

   It affects your intelligence (-3).
   It greatly protects you from fire.
   It renders you almost immune to cold.
   It has a curse placed upon it.
Jewellery
 b - an uncursed ring of ice
 j - a +3 ring of intelligence (left hand)
 x - a ring of stealth (right hand)
Wands
 k - a wand of flame (17)
 q - a wand of digging (5)
Scrolls
 i - 2 scrolls of immolation {!r}
 v - 5 scrolls of remove curse {@r2}
 w - a scroll of brand weapon {unknown}
 y - a scroll of enchant weapon {unknown}
 A - a scroll of amnesia
 B - a scroll of fog {unknown}
 E - 3 scrolls of enchant armour {unknown}
 F - a scroll of identify {@r1}
Potions
 f - 3 potions of magic
 h - a potion of might
 u - a potion of flight
 H - a potion of mutation {!q}
Comestibles
 e - 7 rations
 C - 6 chunks of flesh


   Skills:
 + Level 9.0 Fighting
 + Level 3.0 Dodging
 - Level 1.7 Stealth
 - Level 4.1 Spellcasting
 * Level 6.1 Conjurations
 + Level 7.7 Poison Magic


You had 2 spell levels left.
You knew the following spells:

 Your Spells              Type           Power        Failure   Level  Hunger
a - Venom Bolt            Conj/Pois      ####......   24%         5    ######.
b - Poisonous Vapours     Pois/Air       ###...       4%          2    ##.....
c - Olgreb's Toxic Radia  Pois           ####....     6%          4    ####...
d - Mephitic Cloud        Conj/Pois/Air  ###.....     7%          3    ###....

Your spell library contained the following spells:

 Spells                   Type           Power        Failure   Level  Hunger
 Sting                    Conj/Pois      ####         1%          1    None


Dungeon Overview and Level Annotations

Branches:
Dungeon (7/15)             Temple (1/1) D:6

Altars:
Ashenzari
Cheibriados
Dithmenos
Elyvilon
Hepliaklqana
Kikubaaqudgha
Makhleb
Nemelex Xobeh
Okawaru
Qazlal
Ru
Sif Muna
Uskayaw
Wu Jian
Xom
Yredelemnul
Zin
The Shining One

Shops:
D:4 [}   D:6 *

Annotations:
D:4 2 transporters
D:5 exclusion: door, Prince Ribbit


Innate Abilities, Weirdness & Mutations

You can breathe blasts of fire.
Your fiery red scales are hard. (AC +7)
You cannot fit into any form of body armour.
Your flesh is heat resistant. (rF+)
You are cold-blooded and may be slowed by cold attacks.
You possess an exceptional clarity of mind.
You are resistant to electric shocks. (rElec)
You expend magic power (3 MP) to strengthen your wands.


Message History

The orc wizard is lightly wounded.
The orc wizard gestures at you while chanting.
The magic dart hits you!
* * * LOW HITPOINT WARNING * * *
As you read the scroll labeled GIRUZXI BOMEI, it crumbles to dust.
You feel strangely unstable.
It was a scroll of teleportation.
The orc wizard hits you with a +0 dagger.
* * * LOW HITPOINT WARNING * * *
Okay, then.
Evoke which item? (* to show all) (? for menu, Esc to quit)
Aiming: Throw Flame
Press: ? - help, Shift-Dir - straight line, f - gnoll shaman
Aim: a gnoll shaman, wielding a +2 whip of electrocution and wearing a +0 The puff of flame misses the orc wizard.
The puff of flame hits the gnoll shaman.
The gnoll shaman is lightly wounded.
You feel a slight surge of power.
The orc wizard hits you but does no damage.
The orc warrior hits you with a +0 mace!
You die...

#....#.#.###########
...................#
#....#.#.#######...####
...#.....#######.......
##.###........##....##
#. #.#
#...............## #..
#.# #.######g.รท......#
...# #.# #.#
#.o#o.(..## ####..# #.
#.# #.go@...).# #....#
#.# ##g###.##.###...#
..# #.# ####.(K...# ###
#.# ####).## #g# #.K#
#g# ##.## # #.#
#..###..# #.# ##.....#
#.# #.###...


You could see an orc warrior, a gnoll shaman, an orc wizard, 2 gnolls and an
orc.

Vanquished Creatures
  Harold (D:7)
  Eustachio (D:4)
  A water moccasin (D:5)
  An orc warrior (D:7)
  A phantom (D:6)
  2 black bears (D:7)
  2 ogres
  Blork the orc (D:6)
  2 bullfrogs
  2 scorpions (D:6)
  A water moccasin skeleton (D:6)
  4 wights (D:7)
  A crimson imp (D:6)
  A bullfrog zombie (D:7)
  4 hounds
  A centaur zombie (D:5)
  8 orc wizards
  4 orc priests
  A bullfrog skeleton (D:7)
  A centaur skeleton (D:5)
  An iguana (D:4)
  Natasha (thrice) (D:4)
  2 worker ants
  3 hound skeletons (D:6)
  7 gnolls
  8 adders
  A shadow imp (D:5)
  2 oozes (D:1)
  An adder zombie (D:5)
  2 worms
  2 dart slugs (D:2)
  5 leopard geckos
  25 orcs
  6 giant cockroaches
  6 hobgoblins
  5 jackals
  6 quokkas
  5 bats
  8 frilled lizards
  8 goblins
  9 kobolds
  A leopard gecko skeleton (D:5)
  3 rats
159 creatures vanquished.

Vanquished Creatures (others)
  2 bushes (D:7)
2 creatures vanquished.

Grand Total: 161 creatures vanquished

Notes
Turn   | Place    | Note
-------+----------+-------------------------------------------
     0 | D:1      | SpaceButler the Draconian Venom Mage began the quest for
                  | the Orb.
     0 | D:1      | Reached XP level 1. HP: 14/14 MP: 3/3
   257 | D:1      | Reached XP level 2. HP: 14/20 MP: 0/5
   261 | D:1      | Learned a level 2 spell: Poisonous Vapours
  1112 | D:2      | Reached XP level 3. HP: 26/26 MP: 0/6
  1410 | D:2      | Found a stormy altar of Qazlal.
  1730 | D:2      | Found a snail-covered altar of Cheibriados.
  2259 | D:3      | Reached XP level 4. HP: 33/33 MP: 4/7
  2268 | D:3      | Learned a level 4 spell: Olgreb's Toxic Radiance
  2996 | D:3      | Found a hazy altar of Hepliaklqana.
  3167 | D:4      | Reached skill level 1 in Fighting
  3167 | D:4      | Reached XP level 5. HP: 38/40 MP: 4/9
  3502 | D:4      | Reached skill level 2 in Fighting
  3643 | D:4      | Noticed Eustachio
  3652 | D:4      | Killed Eustachio
  3652 | D:4      | Reached skill level 3 in Fighting
  3652 | D:4      | Reached skill level 5 in Poison Magic
  3652 | D:4      | Reached XP level 6. HP: 51/51 MP: 1/11
  3782 | D:4      | Found Zorabul's Gadget Shoppe.
  3808 | D:4      | Found a transporter.
  3901 | D:4      | Noticed Natasha
  3904 | D:4      | Killed Natasha
  3930 | D:4      | Noticed Natasha
  3934 | D:4      | Killed Natasha
  4058 | D:4      | Reached skill level 4 in Fighting
  4064 | D:4      | Your scales start taking on a fiery red colour.
  4064 | D:4      | Reached XP level 7. HP: 59/59 MP: 1/12
  4064 | D:4      | Gained mutation: Your flesh is heat resistant. (rF+) [Red
                  | Draconian growth]
  4476 | D:4      | Found a stormy altar of Qazlal.
  4478 | D:4      | Noticed a fire elemental
  4482 | D:4      | Noticed a water elemental
  4485 | D:4      | Noticed an air elemental
  4497 | D:4      | Found Imyrie's Antique Armour Shoppe.
  4502 | D:4      | Bought a pair of gloves for 99 gold pieces
  4637 | D:4      | Noticed Natasha
  4643 | D:4      | Killed Natasha
  5021 | D:4      | Found a transporter.
  5057 | D:5      | Entered Level 5 of the Dungeon
  5065 | D:5      | Learned a level 5 spell: Venom Bolt
  5401 | D:5      | Learned a level 3 spell: Mephitic Cloud
  5898 | D:5      | Found a sparkling altar of Nemelex Xobeh.
  5971 | D:5      | Reached skill level 5 in Fighting
  6144 | D:5      | Found a shimmering altar of Xom.
  6147 | D:5      | Noticed an angel
  6149 | D:5      | Found a glowing silver altar of Zin.
  6363 | D:5      | Found a deep blue altar of Sif Muna.
  6363 | D:5      | Noticed Prince Ribbit
  6657 | D:5      | Found a basalt altar of Yredelemnul.
  7267 | D:6      | Reached skill level 6 in Fighting
  7267 | D:6      | Reached XP level 8. HP: 61/70 MP: 14/14
  7570 | D:6      | Found Habaeb's Assorted Antiques.
  7824 | D:6      | Found a staircase to the Ecumenical Temple.
  7861 | D:6      | Reached skill level 7 in Fighting
  7897 | D:6      | Noticed Blork the orc
  7981 | D:6      | Killed Blork the orc
  8002 | Temple   | Entered the Ecumenical Temple
  8205 | D:6      | Got a pair of smoking boots
  8506 | D:6      | Identified the cursed +0 pair of boots of Tenacity {rF++
                  | rC+++ Int-3} (You found it on level 6 of the Dungeon)
  8849 | D:7      | Reached skill level 8 in Fighting
  9220 | D:7      | Reached XP level 9. HP: 78/82 MP: 3/15
  9535 | D:7      | Reached skill level 5 in Conjurations
  9728 | D:7      | Noticed Harold
  9750 | D:7      | Gained mutation: You possess an exceptional clarity of
                  | mind. [potion of mutation]
  9750 | D:7      | Gained mutation: You are resistant to electric shocks.
                  | (rElec) [potion of mutation]
  9750 | D:7      | Gained mutation: You expend magic power (3 MP) to
                  | strengthen your wands. [potion of mutation]
  9750 | D:7      | HP: 1/82 [Harold/+0 trident (10)]
  9751 | D:7      | Killed Harold
  9751 | D:7      | Reached skill level 9 in Fighting
  9773 | D:7      | HP: 4/83 [orc wizard/+0 dagger (6)]
  9774 | D:7      | Mangled by an orc warrior

Vault maps used:
D:1:      ebering_hopf_link, minmay_tromino_i4
D:2:      lemuel_doored_altar, kennysheep_slug_shrine, first_ration
D:3:      nicolae_overflow_hidden_temple, corner_web_ring
D:4:      gammafunk_cloud_chamber, serial_shops, shop, shop,
          nicolae_qazlal_style_of_elements, uniq_eustachio, uniq_natasha
D:5:      grunt_temple_overflow_order_and_chaos_1, old_standard_altar,
          led_sif_pool, kennysheep_mini_moat, uniq_prince_ribbit1
D:6:      minmay_temple_entry_glass, serial_shops, nicolae_shop_behind_doors,
          minmay_misc_feat_x, uniq_blork_the_orc
D:7:      trog_ov_bears_minmay, nemelex_spade_bored_becter, uniq_harold
Temple:   cyrus_temple_forest

Skill      XL: |  1  2  3  4  5  6  7  8  9 |
---------------+----------------------------+-----
Poison Magic   | 4 5 6 7 |  7.7
Conjurations   | 2 3 4 6 |  6.1
Spellcasting   | 3 4 |  4.1
Fighting       | 1 3 4 6 8 9 |  9.0
Dodging        | 3 |  3.0
Stealth        | |  1.7

Action                   |  1- 3 |  4- 6 |  7- 9 || total
-------------------------+-------+-------+-------++-------
Melee: Dagger            |    42 |    28 |   459 ||   529
       Tailslap          |     2 |       |    66 ||    68
       Whip              |       |       |   139 ||   139
 Cast: Sting             |    23 |     5 |       ||    28
       Poisonous Vapours |    30 |    56 |    82 ||   168
       Olgreb's Toxic Ra |       |       |    18 ||    18
       Mephitic Cloud    |       |       |     1 ||     1
 Abil: Breathe Fire      |       |       |     6 ||     6
Evoke: Wand              |       |       |    15 ||    15
  Use: Scroll            |     4 |     5 |     4 ||    13
       Potion            |       |       |     8 ||     8
 Stab: Sleeping          |       |       |     1 ||     1
  Eat: Chunk             |     6 |     8 |    15 ||    29
       Ration            |       |       |     3 ||     3
Armor: Skin              |    13 |    14 |   248 ||   275
Dodge: Dodged            |    22 |    21 |   335 ||   378

Table legend:
 A = Non-vault XP
 B = Vault XP
 C = Vault XP percentage of total XP
 D = Non-vault monster count
 E = Vault monster count
 F = Vault count percentage of total count
                 A         B        C        D         E       F
            +---------+---------+-------+---------+---------+-------
      Total |    2794 |    1614 |  36.6 |     150 |       9 |   5.7
            +---------+---------+-------+---------+---------+-------
        D:1 |      35 |       3 |   7.9 |      15 |       2 |  11.8
        D:2 |      50 |       4 |   7.4 |      16 |       1 |   5.9
        D:3 |      67 |       0 |   0.0 |      18 |       0 |   0.0
        D:4 |     401 |     232 |  36.7 |      19 |       2 |   9.5
        D:5 |     593 |       0 |   0.0 |      27 |       0 |   0.0
        D:6 |     893 |     102 |  10.3 |      29 |       1 |   3.3
        D:7 |     755 |    1273 |  62.8 |      26 |       3 |  10.3
            +---------+---------+-------+---------+---------+-------
